 Dungeon Crawl Stone Soup version 0.23-a0-54-gae6112e33f (webtiles) character file.

174 OlSheep the Magician (level 5, 0/25 HPs)
             Began as a Vine Stalker Transmuter on Aug 8, 2018.
             Slain by an orc
             ... wielding a +0 trident
              (7 damage)
             ... on level 4 of the Dungeon.
             The game lasted 00:15:54 (3015 turns).

OlSheep the Magician (Vine Stalker Transmuter)      Turns: 3015, Time: 00:15:55

Health: 0/25       AC:  3    Str: 17    XL:     5   Next: 54%
Magic:  0/12       EV: 12    Int: 14    God:
Gold:   192        SH:  0    Dex: 15    Spells: 2/12 levels left

rFire    . . .     SeeInvis +     - Unarmed
rCold    . . .     Gourm    .   (no shield)
rNeg     . . .     Faith    .   b - +1 robe
rPois    .         Spirit   +   (no helmet)
rElec    .         Reflect  .   (no cloak)
rCorr    .         Harm     .   (no gloves)
MR       .....                  (no boots)
Stlth    +.........             (no amulet)
HPRegen  0.48/turn              k - ring of see invisible
MPRegen  0.13/turn              (no ring)

@: mighty, appendage, very slightly contaminated
A: fangs 2, horns 2, regeneration 1, magic shield, antimagic bite, no potion
heal 3, rot immunity
a: End Transformation


You were on level 4 of the Dungeon.
You were very hungry.
You had grown temporary horns.
You visited 1 branch of the dungeon, and saw 4 of its levels.

You collected 192 gold pieces.

Inventory:

Missiles
 a - 28 arrows
Armour
 b - a +1 robe (worn)
Jewellery
 k - a ring of see invisible (left hand)
Wands
 g - a wand of flame (16)
Scrolls
 f - a scroll of remove curse
 h - 7 scrolls of identify
 l - a scroll of enchant armour
Potions
 c - a potion of might
 e - a potion of cancellation
 j - a potion of resistance
Comestibles
 d - 6 rations


   Skills:
 + Level 1.0 Fighting
 - Level 1.5 Dodging
 + Level 3.8 Unarmed Combat
 + Level 4.1 Spellcasting
 + Level 3.1 Transmutations
 * Level 1.1 Poison Magic


You had 2 spell levels left.
You knew the following spells:

 Your Spells              Type           Power        Failure   Level  Hunger
a - Beastly Appendage     Tmut           ##....       5%          1    None
b - Sticks to Snakes      Tmut           ##......     8%          2    ##.....
c - Spider Form           Tmut/Pois      #.........   24%         3    ###....
d - Ice Form              Ice/Tmut       #.......     69%         4    ####...

Your spell library contained the following spells:

 Spells                   Type           Power        Failure   Level  Hunger
 Blade Hands              Tmut           ##........   82%         5    ######.


Dungeon Overview and Level Annotations

Branches:
Dungeon (4/15)             Temple (0/1) D:4

Altars:
Hepliaklqana
Vehumet
Yredelemnul


Innate Abilities, Weirdness & Mutations

You have extremely sharp teeth.
Your natural rate of healing is unusually fast.
When hurt, damage is shared between your health and your magic reserves.
Your bite disrupts and absorbs the magic of your enemies.
Potions cannot restore your health.
You are immune to rotting.
You have a pair of horns on your head.


Message History

* * * LOW HITPOINT WARNING * * *
The orc hits you but does no damage.
Casting: Beastly Appendage (safe; 5% risk of failure)
Confirm with . or Enter, or press ? or * to list all spells.
You grow a pair of large bovine horns.
The orc priest casts a cantrip, but nothing happens.
The orc priest closely misses you.
A ball python comes into view.
The orc hits you but does no damage. The orc hits you with a short sword.
* * * LOW HITPOINT WARNING * * *
Casting: Beastly Appendage (safe; 5% risk of failure)
Confirm with . or Enter, or press ? or * to list all spells.
You don't have enough magic to cast that spell.
Unknown command.
The ball python hisses angrily.
You punch the orc priest!
You kill the orc priest!
You hear the brisk hiss of a very distant avalanche of sand.
The orc hits you from afar with a trident!
You die...

..##.#.#.........#
.....#.......o..##
.#<..........#.##
S#######.....#.#
......o'.....#.#
.####..#.....#.# .#
#..#.....#.# .#
#..#....(#o############ .#
#>......o.o)@ooo....... .#
#..........o.oo....S...
.#####....#################
#. ........#.#..# #.
####....._...# #.
#....#.#..+ #[##
#.........# #...
#.........# #####...
####.........# #.......


You could see 2 orc priests, 7 orcs and a ball python.

Vanquished Creatures
  An orc priest (D:4)
  A hound skeleton (D:4)
  6 adders
  3 dart slugs
  A leopard gecko (D:1)
  An orc (D:3)
  2 ball pythons
  4 giant cockroaches
  5 goblins
  2 hobgoblins (D:3)
  4 jackals
  3 quokkas
  10 bats
  3 frilled lizards
  11 kobolds
  2 rats
  A spectral orc (D:2)
60 creatures vanquished.

Vanquished Creatures (collateral kills)
  An adder (D:2)
  2 worms (D:2)
3 creatures vanquished.

Grand Total: 63 creatures vanquished

Notes
Turn   | Place    | Note
-------+----------+-------------------------------------------
     0 | D:1      | OlSheep the Vine Stalker Transmuter began the quest for the Orb.
     0 | D:1      | Reached XP level 1. HP: 9/9 MP: 4/4
   414 | D:1      | Reached XP level 2. HP: 11/14 MP: 3/6
   518 | D:1      | Learned a level 2 spell: Sticks to Snakes
   855 | D:2      | Reached XP level 3. HP: 13/17 MP: 0/8
   991 | D:2      | Reached skill level 3 in Spellcasting
  1156 | D:2      | Learned a level 3 spell: Spider Form
  1647 | D:2      | Gained mutation: Your natural rate of healing is unusually fast. [Vine Stalker growth]
  1647 | D:2      | Reached XP level 4. HP: 15/21 MP: 7/10
  1802 | D:2      | Found a basalt altar of Yredelemnul.
  2083 | D:3      | Learned a level 4 spell: Ice Form
  2205 | D:3      | Found a radiant altar of Vehumet.
  2466 | D:3      | Reached XP level 5. HP: 12/25 MP: 9/11
  2739 | D:4      | Reached skill level 1 in Fighting
  2763 | D:4      | Reached skill level 4 in Spellcasting
  2875 | D:4      | Found a hazy altar of Hepliaklqana.
  2898 | D:4      | Found a staircase to the Ecumenical Temple.
  2927 | D:4      | Reached skill level 1 in Poison Magic
  3015 | D:4      | Slain by an orc

Vault maps used:
D:1:      elethiomel_arrival_infinity_welcomes_careful_drivers,
          minmay_door_square, minivault_5
D:2:      yredelemnul_forgotten_temple_becter, minmay_tetromino_l4
D:3:      nicolae_overflow_crystal_walls
D:4:      lemuel_crystal_altar, temple_doors_e, nicolae_ossuary_entry_ruins

Skill      XL: |  1  2  3  4  5 |
---------------+----------------+-----
Spellcasting   | 3 4 |  4.1
Fighting       | 1 |  1.0
Transmutations | 3 |  3.1
Poison Magic   | 1 |  1.1
Dodging        | |  1.5
Unarmed Combat | |  3.8

Action                   |  1- 3 |  4- 6 || total
-------------------------+-------+-------++-------
Melee: Unarmed           |    78 |   115 ||   193
       Bite              |    13 |    22 ||    35
       Kick              |     3 |     8 ||    11
       Headbutt          |    10 |    11 ||    21
       Punch             |     1 |       ||     1
 Cast: Beastly Appendage |    27 |    23 ||    50
       Sticks to Snakes  |     6 |     2 ||     8
  Use: Scroll            |     2 |     9 ||    11
       Potion            |       |     1 ||     1
 Stab: Sleeping          |     2 |       ||     2
  Eat: Chunk             |     2 |     4 ||     6
Armor: Robe              |    11 |    31 ||    42
Dodge: Dodged            |    51 |   119 ||   170

Table legend:
 A = Spawn XP
 B = Non-spawn XP
 C = Spawn XP percentage of total XP
 D = Spawn monster count
 E = Non-spawn monster count
 F = Spawn count percentage of total count
 G = Total turns spent on level
                    A         B        C        D         E        F      G
               +---------+---------+-------+---------+---------+-------+---------
         Total |       0 |     249 |   0.0 |       0 |      63 |   0.0 |  3015
               +---------+---------+-------+---------+---------+-------+---------
           D:1 |       0 |      29 |   0.0 |       0 |      14 |   0.0 |   837
           D:2 |       0 |      70 |   0.0 |       0 |      22 |   0.0 |  1064
           D:3 |       0 |      70 |   0.0 |       0 |      21 |   0.0 |   861
           D:4 |       0 |      80 |   0.0 |       0 |       6 |   0.0 |   253
               +---------+---------+-------+---------+---------+-------+---------
